Map: [ESL] Waterfall

Players

piglet

  • Race: Terran Terran
  • Spawn Location: 1:00

Spirit - Winner!

  • Race: Terran Terran
  • Spawn Location: 7:00

Event: DreamHack SC2 Masters 2022 Valencia

VOD

Have the link to the VOD?

Description

Time

  • Played on: July 1, 2022, 4:59 p.m.
  • Length: 12:03

All games in this series

Show
View Real Time Build Order
Export as new Build Order

piglet Terran 

Build Orders: Mech 

Get SALT Encoding   

  12  0:00  SCV  
  13  0:12  SCV  
  14  0:17  Supply Depot  
  14  0:24  SCV  
  14  0:27  Refinery  
  15  0:38  SCV  
  16  0:44  Barracks  
  16  0:50  SCV  
  16  0:55  Refinery  
  17  1:03  SCV  
  18  1:15  SCV  
  19  1:31  Orbital Command, Reaper  
  20  1:36  Factory  
  20  1:55  Supply Depot  
  20  1:57  SCV  
  21  2:03  Reaper  
  22  2:09  SCV  
  23  2:20  Hellion  
  23  2:21  SCV  
  26  2:28  Command Center  
  26  2:34  SCV  
  26  2:35  Supply Depot  
  27  2:37  Barracks Reactor  
  27  2:41  Factory Tech Lab  
  27  2:49  Starport  
  27  2:50  SCV  
  28  3:01  Cyclone  
  28  3:02  SCV  
  32  3:13  Marine x2  
  32  3:14  SCV  
  32  3:19  Refinery  
  35  3:26  SCV  
  36  3:31  Marine x2  
  38  3:39  SCV  
  38  3:40  Orbital Command  
  38  3:49  Marine x2  
  38  3:50  Factory Tech Lab  
  38  3:52  Raven  
  38  3:53  SCV  
  43  4:05  SCV  
  43  4:06  SCV  
  43  4:08  Marine x2  
  43  4:09  Siege Tank  
  50  4:13  Supply Depot  
  50  4:17  SCV  
  50  4:19  SCV  
  52  4:26  Supply Depot, Marine x2  
  54  4:35  Raven, SCV x2  
  54  4:36  Supply Depot  
  58  4:41  Siege Tank  
  60  4:47  SCV x2  
  58  4:58  Marine  
  58  4:59  SCV x2  
  58  5:11  SCV x2  
  56  5:16  Siege Tank  
  59  5:23  SCV x2  
  60  5:30  Factory  
  60  5:35  Viking, SCV x2  
  64  5:45  Command Center  
  64  5:47  SCV  
  64  5:48  Viking  
  67  5:50  SCV  
  68  5:59  SCV  
  68  6:02  SCV  
  66  6:08  Viking  
  68  6:11  SCV  
  68  6:14  SCV  
  68  6:15  Siege Tank  
  73  6:19  Refinery, Supply Depot  
  73  6:22  Supply Depot  
  73  6:23  SCV  
  74  6:27  Viking  
  74  6:29  SCV  
  77  6:38  SCV  
  78  6:40  Viking  
  78  6:42  Engineering Bay  
  78  6:46  SCV, Command Center  
  81  6:54  Siege Tank  
  84  7:00  Siege Tank  
  84  7:01  SCV  
  80  7:03  SCV  
  77  7:11  Viking  
  79  7:17  SCV x2  
  79  7:19  Supply Depot  
  81  7:24  Viking  
  81  7:29  SCV  
  84  7:31  SCV  
  84  7:33  Orbital Command  
  84  7:35  Refinery, Siege Tank  
  88  7:38  Refinery  
  88  7:42  Viking  
  88  7:43  Siege Tank  
  93  7:44  SCV  
  93  7:49  Supply Depot  
  94  7:53  Missile Turret  
  94  7:54  Missile Turret  
  94  7:56  Missile Turret  
  94  7:57  SCV  
  95  7:58  Factory  
  95  8:01  Orbital Command  
  95  8:03  SCV  
  96  8:12  Viking  
  96  8:13  Siege Tank  
  96  8:15  SCV  
  96  8:17  SCV  
  103  8:22  SCV  
  104  8:27  SCV  
  104  8:28  SCV, Sensor Tower  
  104  8:29  SCV  
  104  8:32  Viking  
  109  8:34  SCV  
  109  8:35  Barracks Tech Lab  
  109  8:38  Siege Tank  
  109  8:39  SCV  
  109  8:40  SCV  
  109  8:41  SCV  
  116  8:45  Armory  
  116  8:46  SCV  
  117  8:51  SCV  
  118  8:56  Viking  
  118  8:59  Siege Tank  
  123  9:06  SCV  
  123  9:08  Viking, Factory  
  122  9:18  Siege Tank  
  125  9:24  Siege Tank  
  125  9:26  Viking  
  130  9:35  Siege Tank  
  130  9:38  Viking  
  129  9:51  SCV x2, Missile Turret  
  131  9:53  Missile Turret  
  131  9:54  Supply Depot, Terran Vehicle Weapons Level 1  
  131  9:55  Supply Depot, Command Center  
  131  9:56  Viking  
  131  9:58  Armory  
  133  10:00  Factory  
  133  10:01  Factory Tech Lab  
  133  10:06  Siege Tank  
  136  10:09  Viking  
  136  10:13  Missile Turret  
  132  10:16  Siege Tank, Missile Turret  
  132  10:24  Missile Turret x4  
  132  10:25  Siege Tank  
  132  10:26  Missile Turret  
  135  10:34  Viking  
  137  10:35  Siege Tank  
  140  10:46  Siege Tank  
  143  10:52  Factory Reactor  
  143  10:54  Hellion  
  145  11:04  Siege Tank  
  148  11:08  Supply Depot x2  
  148  11:09  Supply Depot  
  148  11:10  Viking  
  148  11:11  Supply Depot  
  150  11:17  Command Center  
  150  11:18  Thor  
  156  11:34  Refinery  
  156  11:38  Refinery  
Show
View Real Time Build Order
Export as new Build Order

Spirit Terran - Winner!

Build Orders:  

Get SALT Encoding   

  12  0:00  SCV  
  13  0:12  SCV  
  14  0:17  Supply Depot  
  14  0:24  SCV  
  15  0:38  SCV  
  15  0:41  Barracks  
  16  0:44  Refinery  
  16  0:50  SCV  
  16  0:54  Refinery  
  17  1:02  SCV  
  18  1:15  SCV  
  19  1:27  Barracks Reactor  
  19  1:28  Orbital Command  
  19  1:43  Factory  
  19  1:45  Supply Depot  
  19  1:53  SCV  
  20  2:05  SCV, Reaper x2  
  23  2:17  SCV  
  24  2:29  Command Center  
  24  2:32  SCV  
  24  2:36  Hellion  
  27  2:37  Reaper  
  27  2:41  Reaper  
  29  2:46  Supply Depot  
  30  2:57  Hellion  
  31  3:00  Starport  
  31  3:08  SCV  
  31  3:11  Marine  
  33  3:13  Marine  
  33  3:18  Widow Mine  
  36  3:20  SCV  
  37  3:29  Marine  
  37  3:31  Marine  
  39  3:40  SCV  
  38  3:41  Medivac  
  38  3:43  Orbital Command  
  38  3:46  Factory Tech Lab  
  38  3:47  Marine  
  41  3:49  Marine  
  41  3:51  Refinery  
  41  3:52  SCV  
  43  3:59  Supply Depot  
  43  4:04  SCV  
  43  4:06  Cyclone  
  43  4:09  SCV  
  48  4:11  Starport Tech Lab  
  48  4:14  Marine  
  49  4:21  Marine  
  49  4:23  SCV  
  51  4:24  Supply Depot  
  51  4:25  SCV  
  52  4:32  Raven  
  52  4:35  SCV  
  52  4:37  SCV  
  56  4:38  Siege Tank  
  59  4:47  SCV  
  59  4:48  Marine  
  59  4:49  SCV  
  59  5:00  SCV  
  59  5:01  SCV  
  59  5:04  Marine  
  58  5:10  Siege Tank  
  58  5:11  Marine  
  58  5:12  SCV  
  58  5:13  SCV  
  61  5:19  Raven, Command Center  
  63  5:22  Supply Depot  
  63  5:24  SCV, Marine  
  65  5:31  Refinery  
  65  5:32  SCV  
  65  5:35  Marine  
  67  5:38  SCV, Supply Depot  
  68  5:44  SCV  
  68  5:46  Siege Tank  
  68  5:49  Marine  
  73  5:50  SCV  
  73  5:56  SCV  
  75  6:02  SCV  
  73  6:08  SCV  
  73  6:14  SCV  
  73  6:18  Siege Tank  
  72  6:20  SCV  
  73  6:26  Barracks, SCV  
  73  6:27  Viking, Engineering Bay, Marine, Stimpack, Barracks  
  73  6:28  Engineering Bay  
  73  6:30  Viking  
  79  6:36  SCV  
  79  6:38  SCV  
  81  6:45  Marine  
  82  6:50  Siege Tank  
  82  6:51  SCV x2, Supply Depot  
  87  6:55  Terran Infantry Armor Level 1, Terran Infantry Weapons Level 1  
  87  6:57  Supply Depot  
  87  6:59  SCV  
  85  7:02  Marine  
  85  7:03  SCV  
  85  7:04  SCV  
  82  7:13  Barracks Reactor  
  82  7:14  Viking  
  84  7:16  Barracks Reactor  
  84  7:19  Orbital Command, SCV  
  84  7:21  Barracks, SCV  
  84  7:22  Siege Tank  
  89  7:23  Marine  
  88  7:31  SCV  
  88  7:33  SCV  
  88  7:34  Viking  
  90  7:41  Marine  
  90  7:43  Barracks, Supply Depot  
  90  7:44  Viking, SCV x2  
  92  7:45  Refinery x2  
  92  7:46  Barracks Tech Lab  
  92  7:48  SCV  
  96  7:54  Marine x2  
  96  7:56  SCV x2  
  100  8:00  Marauder  
  100  8:01  SCV  
  100  8:03  Sensor Tower  
  100  8:05  Combat Shield  
  103  8:07  Concussive Shells, Marauder  
  103  8:08  SCV x2  
  103  8:09  Barracks Tech Lab  
  103  8:12  Marine  
  107  8:13  SCV, Armory  
  107  8:14  Marine  
  110  8:21  Marauder  
  110  8:23  Siege Tank  
  117  8:28  Marauder  
  117  8:29  Marauder  
  117  8:30  Marine  
  117  8:31  Marine  
  121  8:38  Medivac  
  121  8:39  Barracks Reactor  
  123  8:42  Marauder  
  123  8:45  Supply Depot x2  
  125  8:48  Command Center  
  125  8:49  Supply Depot  
  125  8:50  Supply Depot  
  125  8:52  Marine, Marauder  
  128  8:55  Marine  
  128  8:56  Marauder  
  131  9:03  Terran Infantry Armor Level 2, Terran Infantry Weapons Level 2  
  131  9:04  Marauder  
  133  9:10  Marine  
  133  9:13  Medivac, Marine  
  133  9:14  Marauder  
  133  9:15  Marine  
  138  9:17  Marauder  
  138  9:20  Siege Tank  
  143  9:24  SCV x2  
  143  9:29  Supply Depot x2  
  143  9:31  Marauder  
  147  9:33  Barracks  
  147  9:34  Barracks  
  147  9:35  Barracks  
  147  9:38  Marine, Medivac  
  147  9:40  SCV  
  147  9:43  Medivac  
  147  9:44  SCV  
  147  9:45  Marine, Marauder  
  156  9:46  Marine  
  156  9:52  Refinery  
  157  9:53  Refinery  
  157  9:58  Starport x2  
  156  10:01  Planetary Fortress  
  156  10:02  SCV  
  156  10:05  SCV  
  158  10:07  Marauder  
  160  10:15  Marine  
  160  10:16  Marauder  
  163  10:24  Marine  
  163  10:25  Marauder  
  163  10:26  Barracks Tech Lab x2  
  163  10:27  Barracks Tech Lab  
  169  10:35  SCV x2  
  171  10:36  Starport Tech Lab  
  171  10:37  Starport Tech Lab  
  171  10:40  Medivac x2  
  171  10:50  Command Center  
  171  10:56  Raven x2  
  172  11:00  Starport  
  172  11:01  Starport  
  172  11:21  Command Center  
  171  11:36  Command Center  
  171  11:38  Starport Tech Lab  
  175  11:46  Refinery  
  173  11:48  Refinery  

Tags
 
Add a new tag
Caveats
  • Supply blocks, unpowered buildings, or Contaminate may cause inaccurate times.
  • Supply counts are checked every 10 seconds.